 Dungeon Crawl Stone Soup version 0.30.0-5-g1a98f26d00 (webtiles) character file.

Game seed: 12423487313154549567

33 GloriousHammer the Chiller (level 3, 24/24 HPs)
             Began as a Formicid Ice Elementalist on May 9, 2023.
             Was a Follower of Kikubaaqudgha.
             Got out of the dungeon alive.
             The game lasted 00:03:40 (1096 turns).

GloriousHammer the Chiller (FoIE)                   Turns: 1096, Time: 00:03:40

Health: 24/24      AC:  4    Str: 14    XL:     3   Next: 47%
Magic:  7/7        EV: 12    Int: 14    God:    Kikubaaqudgha [*.....]
Gold:   57         SH:  0    Dex: 14    Spells: 0/7 levels left

rFire   . . .        c - +0 whip
rCold   . . .        (no shield)
rNeg    . . .        a - +0 robe
rPois   .            (helmet unavailable)
rElec   .            j - +0 cloak
rCorr   .            m - +0 pair of gloves
SInv    +            (no boots)
Will    .....        (no amulet)
Stlth   ++           (no ring)
HPRegen 0.24/turn    (no ring)
MPRegen 0.10/turn

%: no passive effects
@: no status effects
A: permanent stasis, dig shafts and tunnels, antennae 3, four strong arms
a: Dig, Shaft Self, Renounce Religion, Unearth Wretches


You escaped.
You worshipped Kikubaaqudgha.
Kikubaaqudgha was aware of your devotion.
You visited 1 branch of the dungeon, and saw 2 of its levels.

You collected 97 gold pieces.
You spent 40 gold pieces at shops.

Inventory:

Hand Weapons
 c - a +0 whip (weapon)
Armour
 a - a +0 robe (worn)
 j - a +0 cloak (worn)
 m - a +0 pair of gloves (worn)
Scrolls
 d - a scroll of amnesia {unknown}
 h - 2 scrolls of immolation
 i - a scroll of identify
 I - 2 scrolls of vulnerability
Potions
 b - a potion of magic
 e - 4 potions of heal wounds
 f - a potion of ambrosia {unknown}
 k - 2 potions of curing {unknown}
 l - a potion of lignification {unknown}


   Skills:
 + Level 0.0 Fighting
 + Level 0.0 Armour
 - Level 1.7 Dodging
 - Level 2.4 Stealth
 + Level 2.7 Spellcasting
 * Level 4.7 Ice Magic


You couldn't memorise any spells.
You knew the following spells:

 Your Spells              Type           Power      Damage    Failure   Level
a - Freeze                Ice            60%        1d7       3%          1
b - Frozen Ramparts       Ice            30%        1d5       10%         3
c - Ozocubu's Armour      Ice            15%        N/A       10%         3

Your spell library contained the following spells:

 Spells                   Type           Power      Damage    Failure   Level
 Kiss of Death            Conj/Necr      4%         2d5       22%         1
 Necrotise                Necr           4%         1d4       22%         1
 Scorch                   Fire           2%         2d5       32%         2
 Sublimation of Blood     Necr           1%         N/A       32%         2
 Vampiric Draining        Necr           1%         2d6       54%         3
 Summon Ice Beast         Ice/Summ       8%         N/A       63%         4
 Flame Wave               Conj/Fire      1%         2d4       91%         4
 Fireball                 Conj/Fire      0%         3d3       99%         5
 Iskenderun's Battlesphe  Conj           1%         2d6       99%         5
 Conjure Ball Lightning   Conj/Air       0%         3x3d6     100%        6
 Summon Cactus Giant      Summ           0%         N/A       100%        6
 Orb of Destruction       Conj           0%         9d5       100%        7
 Discord                  Hex            0%         N/A       100%        8
 Disjunction              Tloc           0%         N/A       100%        8


Dungeon Overview and Level Annotations

Branches:
Dungeon (2/15)

Altars:
Kikubaaqudgha

Shops:
D:1 *


Innate Abilities, Weirdness & Mutations

You cannot be hasted, slowed, berserked, paralysed or teleported.
You can dig through walls and to a lower floor.
You have a pair of large antennae on your head. (SInv)
Your four strong arms can wield two-handed weapons with a shield.


Message History

You closely miss the hobgoblin.
The hobgoblin is severely wounded.
The rat bites you but does no damage.
The hobgoblin hits you but does no damage.
Unknown command.
You hit the hobgoblin but do no damage.
The hobgoblin is severely wounded.
The hobgoblin hits you but does no damage.
The rat bites you.
Casting: Freeze (safe; 3% risk of failure)
Confirm with . or Enter, or press ? or * to list all spells.
Aiming: Freeze (safe; 3% risk of failure)
Press: ? - help, Shift-Dir - straight line, f - rat
Aim: a rat You freeze the rat.
You kill the rat!
Kikubaaqudgha accepts your kill. The hobgoblin closely misses you.
You hit the hobgoblin.
You kill the hobgoblin!
Kikubaaqudgha accepts your kill.
Things that are here:
a +0 club; a goblin corpse You start resting.
HP restored.
You start resting.
Magic restored.
Found a stone staircase leading down.
There is a stone staircase leading down here.
Found an escape hatch in the floor.
There is an escape hatch in the floor here.
l - a brown potion;
k - 2 fizzy cyan potions (gained 1)
Found Cuusm's General Store.
An endoplasm comes into view.
An endoplasm is nearby!
An endoplasm is nearby!
The endoplasm quivers.
The endoplasm closely misses you.
Casting: Freeze (safe; 3% risk of failure)
Confirm with . or Enter, or press ? or * to list all spells.
Aiming: Freeze (safe; 3% risk of failure)
Press: ? - help, Shift-Dir - straight line, f - endoplasm
Aim: an endoplasm You freeze the endoplasm.
The endoplasm is lightly wounded.
The endoplasm freezes you.
You are frozen.
Casting: Freeze (safe; 3% risk of failure)
Confirm with . or Enter, or press ? or * to list all spells.
Aiming: Freeze (safe; 3% risk of failure)
Press: ? - help, Shift-Dir - straight line, f/p - endoplasm
Aim: an endoplasm (lightly wounded)
You freeze the endoplasm.
The endoplasm is heavily wounded.
The endoplasm hits you.
Casting: Freeze (safe; 3% risk of failure)
Confirm with . or Enter, or press ? or * to list all spells.
Aiming: Freeze (safe; 3% risk of failure)
Press: ? - help, Shift-Dir - straight line, f/p - endoplasm
Aim: an endoplasm (heavily wounded)
You freeze the endoplasm.
You kill the endoplasm!
Kikubaaqudgha accepts your kill.
You now have 60 gold pieces (gained 9).
A kobold comes into view. It is wielding a +0 dagger.
You now have 75 gold pieces (gained 15).
Found a pair of gloves and a spear.
The kobold shouts!
Found a book of Chaos.
The kobold closely misses you.
Casting: Freeze (safe; 3% risk of failure)
Confirm with . or Enter, or press ? or * to list all spells.
Aiming: Freeze (safe; 3% risk of failure)
Press: ? - help, Shift-Dir - straight line, f - kobold
Aim: a kobold, wielding a +0 dagger You freeze the kobold.
You kill the kobold!
Kikubaaqudgha accepts your kill.
You see here a +0 pair of gloves.
You start putting on your armour.
You continue putting on your +0 pair of gloves. x4
You finish putting on your +0 pair of gloves.
You see here a +0 spear.
Found a scroll labelled OFIW EJUIP.
You pick up a book of Chaos and begin reading...
You add the spells Conjure Ball Lightning, Disjunction and Discord to your library.
An endoplasm comes into view.
Found a book of the Spheres.
An endoplasm is nearby!
The endoplasm quivers.
You hit the endoplasm.
The endoplasm is lightly wounded.
The endoplasm freezes you.
You are frozen.
Casting: Freeze (safe; 3% risk of failure)
Confirm with . or Enter, or press ? or * to list all spells.
Aiming: Freeze (safe; 3% risk of failure)
Press: ? - help, Shift-Dir - straight line, f - endoplasm
Aim: an endoplasm (lightly wounded)
You freeze the endoplasm.
The endoplasm is almost dead.
The endoplasm freezes you.
You are frozen.
Casting: Freeze (safe; 3% risk of failure)
Confirm with . or Enter, or press ? or * to list all spells.
Aiming: Freeze (safe; 3% risk of failure)
Press: ? - help, Shift-Dir - straight line, f/p - endoplasm
Aim: an endoplasm (almost dead)
You freeze the endoplasm.
You kill the endoplasm!
Kikubaaqudgha accepts your kill.
You pick up a book of the Spheres and begin reading...
You add the spells Iskenderun's Battlesphere, Fireball and Orb of Destruction to your library.
i - 2 scrolls labelled OFIW EJUIP (gained 1) HP restored.
There is an entrance to Cuusm's General Store here.
g - 3 scrolls of identify (gained 1);
I - 3 scrolls of identify
I - 4 scrolls of identify (gained 1);
i - 4 scrolls of identify
I - 2 scrolls labelled OFIW EJUIP Thank you for shopping at Cuusm's General Store!
As you read the scroll of identify, it crumbles to dust.
e - 4 potions of heal wounds
As you read the scroll of identify, it crumbles to dust.
h - 2 scrolls of immolation
As you read the scroll of identify, it crumbles to dust.
I - 2 scrolls of vulnerability You now have 50 gold pieces (gained 15).
A giant cockroach comes into view.
A giant cockroach is nearby!
The giant cockroach misses you.
You barely miss the giant cockroach. The giant cockroach barely misses you.
You barely miss the giant cockroach. The giant cockroach misses you.
The giant cockroach bites you but does no damage.
You barely miss the giant cockroach. The giant cockroach bites you.
You hit the giant cockroach but do no damage.
The giant cockroach misses you.
You closely miss the giant cockroach. The giant cockroach closely misses you.
The giant cockroach barely misses you.
You closely miss the giant cockroach. The giant cockroach closely misses you.
Casting: Freeze (safe; 3% risk of failure)
Confirm with . or Enter, or press ? or * to list all spells.
Aiming: Freeze (safe; 3% risk of failure)
Press: ? - help, Shift-Dir - straight line, f - giant cockroach
Aim: a giant cockroach You freeze the giant cockroach.
The giant cockroach is almost dead.
The giant cockroach completely misses you.
Casting: Freeze (safe; 3% risk of failure)
Confirm with . or Enter, or press ? or * to list all spells.
Aiming: Freeze (safe; 3% risk of failure)
Press: ? - help, Shift-Dir - straight line, f/p - giant cockroach
Aim: a giant cockroach (almost dead)
You freeze the giant cockroach!
You kill the giant cockroach!
Kikubaaqudgha accepts your kill.
You see here a giant cockroach corpse.
You now have 57 gold pieces (gained 7).
You sense a monster nearby.
A giant cockroach comes into view.
A giant cockroach is nearby!
The giant cockroach bites you.
Casting: Freeze (safe; 3% risk of failure)
Confirm with . or Enter, or press ? or * to list all spells.
Aiming: Freeze (safe; 3% risk of failure)
Press: ? - help, Shift-Dir - straight line, f - giant cockroach
Aim: a giant cockroach You miscast Freeze.
You are very lightly contaminated with residual magic.
Nothing appears to happen.
The giant cockroach bites you but does no damage.
Casting: Freeze (safe; 3% risk of failure)
Confirm with . or Enter, or press ? or * to list all spells.
Aiming: Freeze (safe; 3% risk of failure)
Press: ? - help, Shift-Dir - straight line, f/p - giant cockroach
Aim: a giant cockroach You freeze the giant cockroach.
You kill the giant cockroach!
Kikubaaqudgha accepts your kill.
Your magical contamination has completely faded away.
Done exploring.
Done exploring.
Done exploring.
Search for what [? for help]? .
This spell is quite dangerous to cast!
Memorise Frozen Ramparts, consuming 3 spell levels and leaving 3?
You start memorising the spell.
You continue memorising. x3
You finish memorising.
Spell assigned to 'b'.
This spell is quite dangerous to cast!
Memorise Ozocubu's Armour, consuming 3 spell levels and leaving 0?
You start memorising the spell.
You continue memorising. x3
You finish memorising.
Spell assigned to 'c'.
There is a stone staircase leading down here.
(D) Dungeon
Where to? (? - help)
Okay, then.
You see here a +0 leather armour.
You see here a +0 club.
There is an open gate here.
There is a staircase leading out of the dungeon here.
Are you sure you want to leave the Dungeon?
This will make you lose the game!
You have escaped!

.##.###...# ##.....##.........###
.##.###...# #...~...#.......###
###.#...#.###...~...##......#
###.#...#.##...~~≈...#......##
....#.###.##...~≈~...##......##
###...#...#...~≈≈~~...#...##..###
#...)##..##...~≈~~≈...##..###..##
.....##..#.............#.>.###.##
###..##..#[.....@......#.........
# #..##..###############.....##.#
####...................##....##.#
.................#...####.##.....
..†............#....#####.##.###.
.......................#.........
#....##.#.###.#.#....#...........
#.....#...# #.#...##..##.........
#...#..#..###.##..###............


There were no monsters in sight!

Vanquished Creatures
  3 ball pythons
  3 endoplasms (D:1)
  3 giant cockroaches (D:1)
  4 hobgoblins
  4 jackals (D:1)
  A quokka (D:1)
  4 goblins
  3 kobolds
  4 rats
29 creatures vanquished.

Notes
Turn   | Place    | Note
-------+----------+-------------------------------------------
     0 | D:1      | GloriousHammer the Formicid Ice Elementalist began the
                  | quest for the Orb.
     0 | D:1      | Reached XP level 1. HP: 13/13 MP: 3/3
   215 | D:1      | Found a faded altar of an unknown god.
   239 | D:1      | Prayed at the altar of an unknown god.
   239 | D:1      | Became a worshipper of Kikubaaqudgha
   239 | D:1      | Reached * piety under Kikubaaqudgha
   239 | D:1      | Received a gift from Kikubaaqudgha
   283 | D:1      | Reached XP level 2. HP: 13/19 MP: 3/5
   415 | D:1      | You fall into a shaft and drop 1 floor!
   676 | D:1      | Reached XP level 3. HP: 24/24 MP: 1/6
   788 | D:1      | Found Cuusm's General Store.
   891 | D:1      | Bought a scroll of identify for 20 gold pieces
   891 | D:1      | Bought a scroll of identify for 20 gold pieces
  1053 | D:1      | Learned a level 3 spell: Frozen Ramparts
  1057 | D:1      | Learned a level 3 spell: Ozocubu's Armour
  1096 | D:$      | Got out of the dungeon alive.

Illustrated notes

Levels and vault maps discovered:
D:1:      lemuel_arrival_funnel, layout_rooms, serial_shops, shop,
          basic_ecumenical_altar
D:2:      layout_rooms, uniq_crazy_yiuf_cottage, uniq_sigmund

Action                     || total
---------------------------++-------
  Melee: Whip              ||    34
         Punch             ||     1
   Cast: Freeze            ||    38
    Use: Scroll            ||     3
 Armour: Robe              ||    17
  Dodge: Dodged            ||    45
